 Dungeon Crawl Stone Soup version 0.29-a0-80-g3050e97935 (webtiles) character file.

Game seed: 17376258639715004380

159 Bosse the Magician (level 5, -1/32 (35) HPs)
             Began as a Demonspawn Hedge Wizard on Feb 4, 2022.
             Was a Priest of Lugonu.
             Slain by a wight (3 damage)
             ... on level 4 of the Dungeon.
             The game lasted 00:09:26 (2741 turns).

Bosse the Magician (Demonspawn Hedge Wizard)        Turns: 2741, Time: 00:09:26

HP:   -1/32 (35)    AC:  6    Str: 10    XL:     5   Next: 17%
MP:   2/11          EV: 12    Int: 18    God:    Lugonu [***...]
Gold: 148           SH:  0    Dex: 12    Spells: 6/13 levels left

rFire   . . .      SeeInvis .   u - staff of earth
rCold   . . .      Faith    .   (no shield)
rNeg    . . .      Spirit   .   b - +0 robe
rPois   .          Reflect  .   c - +0 hat
rElec   .          Harm     .   (no cloak)
rCorr   +          Rampage  .   (no gloves)
Will    .....                   (no boots)
Stlth   ++........              (no amulet)
HPRegen 0.10/turn               k - +4 ring of protection
MPRegen 0.24/turn               o - ring of resist corrosion

@: drained
A: hooves 1, magic regeneration
a: Renounce Religion, Depart the Abyss, Bend Space, Banish


You were on level 4 of the Dungeon.
You worshipped Lugonu.
Lugonu was most pleased with you.
You visited 1 branch of the dungeon, and saw 4 of its levels.

You collected 148 gold pieces.

Inventory:

Hand Weapons
 a - a +0 dagger
Armour
 b - a +0 robe (worn)
 c - a +0 hat (worn)
Magical Staves
 u - a staff of earth (weapon)
Jewellery
 k - a +4 ring of protection (left hand)
 o - a ring of resist corrosion (right hand)
Scrolls
 g - 2 scrolls of identify {unknown}
 i - a scroll of enchant armour {unknown}
 l - 2 scrolls of fear {unknown}
 m - 2 scrolls of enchant weapon {unknown}
 n - a scroll of immolation {unknown}
 p - a scroll of vulnerability {unknown}
 r - a scroll of magic mapping {unknown}
 t - a scroll of teleportation {unknown}
Potions
 d - a potion of magic {unknown}
 e - a potion of mutation {unknown}
 f - 3 potions of heal wounds {unknown}
 h - a potion of invisibility {unknown}
 j - 2 potions of curing
 q - 2 potions of brilliance {unknown}
 s - a potion of flight {unknown}


   Skills:
 + Level 0.2 Short Blades
 + Level 2.0 Dodging
 + Level 2.3 Stealth
 + Level 4.5 Spellcasting
 + Level 2.6 Conjurations
 + Level 1.1 Summonings
 + Level 0.8 Translocations


You had 6 spell levels left.
You knew the following spells:

 Your Spells              Type           Power      Damage    Failure   Level
a - Magic Dart            Conj           52%        1d5       4%          1
b - Mephitic Cloud        Conj/Pois/Air  7%         N/A       28%         3
c - Call Canine Familiar  Summ           8%         N/A       26%         3

Your spell library contained the following spells:

 Spells                   Type           Power      Damage    Failure   Level
 Slow                     Hex            16%        N/A       14%         1
 Blink                    Tloc           14%        N/A       14%         2
 Call Imp                 Summ           8%         N/A       14%         2
 Conjure Flame            Conj/Fire      8%         6-21      24%         3
 Portal Projectile        Hex/Tloc       10%        N/A       34%         3
 Leda's Liquefaction      Hex/Erth       3%         N/A       80%         4


Dungeon Overview and Level Annotations

Branches:
Dungeon (4/15)
 Temple: D:4-7

Altars:
Makhleb
Lugonu


Innate Abilities, Weirdness & Mutations

You have large cloven feet.
You regenerate magic rapidly.


Message History

You have reached level 5!
Save game and exit?
Okay, then.
You can't see any susceptible monsters within range! (Use Z to cast anyway.)
The magic dart hits the wight but does no damage.
Your hound barely misses the wight.
You can't see any susceptible monsters within range! (Use Z to cast anyway.)
Your hound bites the wight but does no damage.
The wight barely misses your hound.
Really fire in your hound's direction? [Y]es or [N]o only, please.
Really fire in your hound's direction? [Y]es or [N]o only, please.
Really fire in your hound's direction?
Okay, then.
Your hound barely misses the wight.
Your hound bites the wight but does no damage.
The magic dart hits the wight but does no damage.
Your hound bites the wight.
The wight closely misses you.
The magic dart hits the wight.
The wight is moderately damaged.
Your hound bites the wight.
The wight completely misses you.
Your hound misses the wight.
You are too depleted to draw on your mana recklessly!
You are too depleted to draw on your mana recklessly!
You hit the wight but do no damage.
The wight is heavily damaged.
Your hound barely misses the wight.
The wight hits you with a +3 flail.
You feel drained.
Your hound bites the wight but does no damage.
Your hound barely misses the wight.
Your hound barely misses the wight.
Your hound closely misses the wight.
You see here a +0 ring mail.
You closely miss the wight.
The wight is heavily damaged.
The wight hits you with a +3 flail!
* * * LOW HITPOINT WARNING * * *
You feel drained.
You die...

.< ..# #.# $.. ..# ###.####
... ..# #......# ##.# #.#
#.#.##.# ... #.# #.#.##.#
#.# #.# #.#.##.# #.####.#
#......#
#.##.##.)....####......#
#..........hz@..#.#.##.###
####.####.#####.........<##
=. #.# ###.##.#..#.## . ...
###.##.#.###.### #...#
#...[...## ##... #...#
#.###....###.### #...#
#...#.#.## #..(# #.####.##
#. ###


You could see a wight (ally target) and a friendly hound (summoned).

Vanquished Creatures
  A wight (D:4)
  4 adders
  A worm (D:3)
  3 dart slugs
  2 orcs (D:3)
  4 endoplasms
  10 goblins
  3 hobgoblins
  2 jackals (D:1)
  10 kobolds
  3 quokkas
  12 ball pythons
  2 bats (D:1)
  4 frilled lizards
  6 rats
67 creatures vanquished.

Vanquished Creatures (collateral kills)
  2 orcs (D:3)
2 creatures vanquished.

Grand Total: 69 creatures vanquished

Notes
Turn   | Place    | Note
-------+----------+-------------------------------------------
     0 | D:1      | Bosse the Demonspawn Hedge Wizard began the quest for the
                  | Orb.
     0 | D:1      | Reached XP level 1. HP: 13/13 MP: 4/4
     2 | D:1      | Noticed an ogre
     2 | D:1      | Noticed a vampire
     4 | D:1      | Noticed a naga
     4 | D:1      | Noticed a dwarf
     7 | D:1      | Noticed a human
     9 | D:1      | Noticed a merfolk
     9 | D:1      | Noticed a draconian
    11 | D:1      | Noticed an octopode
    13 | D:1      | Noticed a spriggan
    13 | D:1      | Noticed a troll
    16 | D:1      | Noticed a ghoul
    18 | D:1      | Noticed a formicid
    18 | D:1      | Noticed a minotaur
    20 | D:1      | Noticed a vine stalker
    20 | D:1      | Noticed a demigod
    22 | D:1      | Noticed a felid
    22 | D:1      | Noticed a tengu
    24 | D:1      | Noticed a demonspawn
    26 | D:1      | Noticed an elf
    26 | D:1      | Noticed a gargoyle
   254 | D:1      | Found a faded altar of an unknown god.
   265 | D:1      | Prayed at the altar of an unknown god.
   265 | D:1      | Became a worshipper of Lugonu the Unformed
   265 | D:1      | Reached * piety under Lugonu
   265 | D:1      | Reached ** piety under Lugonu
   403 | D:1      | Gained mutation: You have large cloven feet. [demonic
                  | ancestry]
   403 | D:1      | Reached XP level 2. HP: 19/19 MP: 4/6
  1104 | D:1      | Gained mutation: You regenerate magic rapidly. [demonic
                  | ancestry]
  1104 | D:1      | Reached XP level 3. HP: 24/24 MP: 5/8
  1372 | D:2      | Reached *** piety under Lugonu
  1596 | D:2      | Learned a level 3 spell: Mephitic Cloud
  1651 | D:2      | Reached XP level 4. HP: 30/30 MP: 1/9
  1797 | D:2      | Reached skill level 4 in Spellcasting
  2415 | D:3      | Learned a level 3 spell: Call Canine Familiar
  2581 | D:3      | Found a burning altar of Makhleb.
  2730 | D:4      | Reached XP level 5. HP: 25/35 MP: 2/11
  2741 | D:4      | Slain by a wight

Illustrated notes

Levels and vault maps discovered:
D:1:      kb_arrival_jail, layout_loops_cross, ebering_ecumenical_altar_box,
          minivault_11
D:2:      layout_rooms
D:3:      layout_rooms, mainiacjoe_overflow_concentric_impassable
D:4:      layout_loops_cross, elyvilon_altar_3, minmay_temple_entry_hall,
          serial_shops, kennysheep_mini_moat, gammafunk_ghost_cemetery

Skill      XL: |  1  2  3  4 |
---------------+-------------+-----
Stealth        | 2 |  2.3
Dodging        | 2 |  2.0
Conjurations   | 2 |  2.6
Spellcasting   | 4 |  4.5
Short Blades   | |  0.2
Summonings     | |  1.1
Translocations | |  0.8

Action                   |  1- 3 |  4- 6 || total
-------------------------+-------+-------++-------
Melee: Dagger            |    24 |     8 ||    32
       Kick              |     9 |     2 ||    11
       Staff             |       |     2 ||     2
 Cast: Magic Dart        |   106 |    69 ||   175
       Mephitic Cloud    |     1 |     4 ||     5
       Call Canine Famil |       |     3 ||     3
Armor: Robe              |    10 |     4 ||    14
Dodge: Dodged            |    18 |    16 ||    34

Table legend: (Time is in decaauts)
 A = Elapsed time spent in this place.
 B = Non-inter-level travel time spent in this place.
 C = Inter-level travel time spent in this place.
 D = Time resting spent in this place.
 E = Time spent auto-exploring this place.
 F = Levels seen in this place.
 G = Mean time per level.
                   A        B        C        D        E       F      G
               +--------+--------+--------+--------+--------+-----+--------+
         Total |   2738 |   2677 |     61 |      0 |   2271 |   4 |  684.5 |
       Dungeon |   2738 |   2677 |     61 |      0 |   2271 |   4 |  684.5 |
               +--------+--------+--------+--------+--------+-----+--------+

Top non-repeatable levels by time:
     D:1: 1230 daAuts
     D:3: 744 daAuts
     D:2: 677 daAuts
     D:4: 86 daAuts
